 Dungeon Crawl Stone Soup version 0.31.0-32-g396128a36d (webtiles) character file.

Game seed: 1022610733359091809

14317 PitcairnIslander the Covert (level 12, -1/60 HPs)
             Began as a Vine Stalker Brigand on Mar 18, 2024.
             Was an Elder of Trog.
             Slain by a redback (6 damage)
             ... on level 2 of the Lair of Beasts.
             The game lasted 00:39:20 (10206 turns).

PitcairnIslander the Covert (Vine Stalker Brigand) Turns: 10206, Time: 00:39:21

Health: -1/60      AC: 18    Str: 15    XL:     12   Next: 15%
Magic:  0/5        EV:  9    Int: 18    God:    Trog [****..]
Gold:   388        SH:  6    Dex: 18    Spells: 13/13 levels left

rFire   + . .        T - +0 short sword of Wariness {pain, rN+ rCorr MP-9 Int+5}
rCold   x . .        k - +0 buckler
rNeg    + + .        B - +2 chain mail of the Cockatrice {rN+}
rPois   .            v - +1 hat {SInv}
rElec   .            c - +0 cloak
rCorr   +            (no gloves)
SInv    +            (no boots)
Will    +....        A - amulet of the acrobat
Stlth   ++           i - +4 ring of protection
HPRegen 1.10/turn    o - ring of fire
MPRegen 0.09/turn

%: acrobat, guardian spirit
@: on berserk cooldown, slowed, studying Shapeshifting, very slow
A: fangs 3, regeneration 1, magic shield, antimagic bite, no potion heal 2,
hooves 1
a: Renounce Religion, Berserk, Trog's Hand, Brothers in Arms


You were on level 2 of the Lair of Beasts.
You worshipped Trog.
Trog was greatly pleased with you.
You visited 2 branches of the dungeon, and saw 11 of its levels.
You also visited: Ossuary and Bailey.

You collected 543 gold pieces.
You spent 155 gold pieces at shops.

Inventory:

Hand Weapons
 a - a +3 dagger of venom
 h - the +6 mace of Gallantry {drain, rF+ Str+2}
   (You found it on level 5 of the Dungeon)

   Str+2:     It affects your strength (+2).
   rF+:       It protects you from fire.
 T - the +0 short sword of Wariness (weapon) {pain, rN+ rCorr MP-9 Int+5}
   (You found it on level 1 of the Lair of Beasts)

   Int+5:     It affects your intelligence (+5).
   rN+:       It protects you from negative energy.
   MP-9:      It affects your magic capacity (-9).
   rCorr:     It protects you from acid and corrosion.
Missiles
 e - 15 curare-tipped darts (quivered)
 G - 28 poisoned darts
 N - 5 atropa-tipped darts
Armour
 c - a +0 cloak (worn)
 k - a +0 buckler (worn)
 s - a +0 robe of positive energy
 v - a +1 hat of see invisible (worn)
 B - the +2 chain mail of the Cockatrice (worn) {rN+}
   (You found it on level 6 of the Dungeon)

   rN+:       It protects you from negative energy.
Jewellery
 d - a ring of flight
 i - a +4 ring of protection (left hand)
 o - a ring of fire (right hand)
 p - a ring of see invisible
 w - a ring of resist corrosion
 A - an amulet of the acrobat (around neck)
 U - a +5 ring of evasion
 V - a ring of positive energy
Talismans
 j - a flux talisman
 r - a flux talisman
 D - a serpent talisman
Wands
 b - a wand of paralysis (7)
 M - a wand of iceblast (4)
 O - a wand of polymorph (2)
 Q - a wand of flame (18)
Scrolls
 q - 2 scrolls of amnesia
 x - 5 scrolls of teleportation
 y - 2 scrolls of noise
 F - a scroll of immolation
 L - a scroll of enchant weapon
 S - a scroll of fog
Potions
 f - 8 potions of resistance
 g - 3 potions of brilliance
 l - 4 potions of heal wounds {unknown}
 m - 5 potions of might
 n - 4 potions of degeneration
 t - a potion of ambrosia {unknown}
 u - a potion of lignification
 z - 4 potions of invisibility
 C - a potion of attraction {unknown}
 E - 6 potions of curing
 H - 2 potions of enlightenment
 I - 3 potions of mutation
 J - 7 potions of haste {unknown}
 K - 3 potions of magic {unknown}
 R - a potion of experience {unknown}


   Skills:
 * Level 5.5 Fighting
 * Level 6.0 Short Blades
 * Level 7.0 Maces & Flails
 * Level 5.4 Throwing
 * Level 5.6 Armour
 * Level 5.3 Dodging
 * Level 9.4 Stealth
 * Level 4.8 Shields
 - Level 1.1 Spellcasting
 * Level 4.3 Evocations
 * Level 5.9 Shapeshifting


You had 13 spell levels left.
You didn't know any spells.
Your spell library contained the following spells:

 Spells                   Type           Power      Damage    Failure   Level
 Volatile Blastmotes      Fire/Tloc      2%         2d10      100%        3
 Fulminant Prism          Conj/Alch      0%         3d5       100%        4
 Iskenderun's Mystic Bla  Conj/Tloc      1%         2d3       100%        4


Dungeon Overview and Level Annotations

Branches:
Dungeon (9/15)             Temple (0/1) D:6            Lair (2/5) D:9
Ossuary (visited)          Bailey (visited)
  Swamp: Lair:2-3    Shoals: Lair:2-3     Snake: Lair:2-3    Spider: Lair:2-3
    Orc: D:9-12

Altars:
Ashenzari
Elyvilon
Hepliaklqana
Kikubaaqudgha
Makhleb
Nemelex Xobeh
Okawaru
Ru
Sif Muna
Trog
Vehumet
Xom
Yredelemnul
The Shining One

Shops:
D:5 *   D:6 :


Innate Abilities, Weirdness & Mutations

You have razor-sharp teeth.
Your natural rate of healing is unusually fast.
When hurt, damage is shared between your health and your magic reserves.
Your bite disrupts and absorbs the magic of your enemies.
Potions cannot restore your health.
You have large cloven feet.


Message History

You closely miss the culicivora. Your kick misses the culicivora.
The culicivora is almost dead.
You feel sick. The culicivora bites you!
* * * LOW HITPOINT WARNING * * *
You block the redback's attack.
The culicivora bites you but does no damage.
You closely miss the culicivora. You bite the culicivora.
You kill the culicivora!
Trog accepts your kill.
You feel sick.
The redback bites you but does no damage. x2
Blink to where?
Press: ? - help, Dir - move target
As you read the scroll of blinking, it crumbles to dust.
You feel sick.
Throw: 17 darts (curare)
Press: ? - help, Q - select action, (/) - cycle Shift-Dir - straight line, f - redback
Aim: a redback (56% to hit)
You throw a curare-tipped dart.
The curare-tipped dart barely misses the redback.
You feel sick.
Throw: 16 darts (curare)
Press: ? - help, Q - select action, (/) - cycle Shift-Dir - straight line, f/p - redback
Aim: a redback (56% to hit)
You throw a curare-tipped dart.
The curare-tipped dart hits the redback.
The redback is poisoned.
The redback struggles to breathe.
The redback seems to slow down.
The redback is moderately wounded.
You feel sick.
You feel sick.
You are no longer poisoned.
The redback bites you.
* * * LOW HITPOINT WARNING * * *
The redback completely misses you.
Aiming: Throw Flame
Press: ? - help, Shift-Dir - straight line, f/p - redback
Aim: a redback (severely wounded, poisoned, slow, 67% to hit)
The puff of flame misses the redback.
The redback bites you!
You die...

#### #.†......#
#.......## ..#
#.<.....P# ^..
####..†#.### .^.#
#P.P.#)..#.# ^.^.
#..........# #^^.#
###..........##
#^.^##.+...........#
#...(†...((..s@..##
#...†............#
.......##...........#
....+[.##..........##
^....####..........#
##.## #^##.#...+.# ##
#####.....## ...####
..P


You could see a redback (poisoned, slow).

Vanquished Creatures
  A hydra (Lair:2)
  Erica (Lair:2)
  A black mamba (Lair:2)
  Joseph (D:8)
  2 cane toads
  2 rime drakes
  4 komodo dragons
  A culicivora (Lair:2)
  Sigmund (D:2)
  A jumping spider (Lair:2)
  2 wyverns (D:9)
  14 yaks
  A basilisk (Lair:2)
  A steam dragon (D:6)
  A redback (Lair:2)
  8 water moccasins
  3 ice beasts
  4 orc warriors
  A black bear (Lair:1)
  3 phantoms
  3 centaurs
  3 kobold brigands
  A scorpion (D:5)
  6 bullfrogs
  5 wights (D:8)
  10 killer bees (D:9)
  A howler monkey (D:7)
  2 lava snakes (Lair:1)
  2 bombardier beetles (D:5)
  A bullfrog zombie (Ossuary)
  A hound (D:6)
  7 orc priests
  Crazy Yiuf (D:4)
  A jelly (D:5)
  3 mummies (Ossuary)
  Ijyb (D:4)
  6 iguanas
  9 orc wizards
  2 sleepcaps
  3 killer bee zombies (Ossuary)
  A crocodile zombie (Ossuary)
  6 hound zombies (Ossuary)
  A howler monkey zombie (Ossuary)
  9 gnolls
  7 adders
  A shadow imp (D:7)
  A white imp (D:8)
  4 ufetubi (D:5)
  A dart slug (D:3)
  2 ribbon worms
  34 orcs
  3 ball pythons
  6 bats
  2 endoplasms
  5 giant cockroaches
  11 goblins
  5 hobgoblins
  2 jackals (D:2)
  27 kobolds
  3 quokkas
  7 ball python zombies (Ossuary)
  4 frilled lizards
  A rat (D:1)
264 creatures vanquished.

Vanquished Creatures (collateral kills)
  Gastronok (Lair:2)
  The ghost of Alphaeus the Grappler, a journeyman TrSh of Gozag (Lair:1)
  An elephant (Lair:1)
  A blink frog (Lair:1)
  A wyvern (Lair:1)
5 creatures vanquished.

Grand Total: 269 creatures vanquished

Notes
Turn   | Place    | Note
-------+----------+-------------------------------------------
     0 | D:1      | PitcairnIslander the Vine Stalker Brigand began the quest
                  | for the Orb.
     0 | D:1      | Reached XP level 1. HP: 11/11 MP: 2/2
    70 | D:1      | Reached skill level 5 in Stealth
   114 | D:1      | Reached XP level 2. HP: 9/15 MP: 1/3
   772 | D:2      | Reached XP level 3. HP: 18/18 MP: 4/4
   959 | D:2      | Reached skill level 1 in Dodging
  1022 | D:2      | Noticed Sigmund
  1037 | D:2      | Killed Sigmund
  1038 | D:2      | Reached skill level 1 in Armour
  1038 | D:2      | Reached skill level 6 in Stealth
  1038 | D:2      | Reached skill level 1 in Spellcasting
  1038 | D:2      | Reached skill level 1 in Shapeshifting
  1038 | D:2      | Reached XP level 4. HP: 16/23 MP: 2/6
  1038 | D:2      | Reached XP level 5. HP: 18/26 MP: 2/7
  1226 | D:2      | Found a bloodstained altar of Trog.
  1246 | D:2      | Became a worshipper of Trog the Wrathful
  1638 | D:3      | Found a sparkling altar of Nemelex Xobeh.
  1662 | D:3      | Reached XP level 6. HP: 30/30 MP: 8/8
  1722 | D:3      | Gained mutation: You are strong-willed. (Will+) [potion of
                  | mutation]
  1722 | D:3      | Gained mutation: You are robust. (+10% HP) [potion of
                  | mutation]
  1722 | D:3      | Gained mutation: You are partially covered in iridescent
                  | scales. (AC +2) [potion of mutation]
  1723 | D:3      | Lost mutation: You are robust. (+10% HP) [potion of
                  | mutation]
  1723 | D:3      | Lost mutation: You are strong-willed. (Will+) [potion of
                  | mutation]
  1723 | D:3      | Gained mutation: You are mostly covered in iridescent
                  | scales. (AC +4) [potion of mutation]
  1723 | D:3      | Gained mutation: You occasionally lose the ability to read
                  | scrolls when taking damage. [potion of mutation]
  1723 | D:3      | Gained mutation: You are agile. (Dex +4, Str/Int -1)
                  | [potion of mutation]
  1788 | D:3      | Reached skill level 1 in Shields
  1982 | D:3      | Reached * piety under Trog
  1997 | D:3      | Found a basalt altar of Yredelemnul.
  2166 | D:3      | Found a radiant altar of Vehumet.
  2615 | D:4      | Found a runed translucent door.
  2616 | D:4      | Noticed Crazy Yiuf
  2635 | D:4      | Killed Crazy Yiuf
  2733 | D:4      | Noticed a water moccasin
  2751 | D:4      | Killed a water moccasin
  2752 | D:4      | Reached XP level 7. HP: 23/35 MP: 9/9
  3006 | D:4      | Found a sand-covered staircase.
  3012 | Ossuary  | Entered an ossuary
  3142 | Ossuary  | Reached ** piety under Trog
  3235 | Ossuary  | Lost mutation: You occasionally lose the ability to read
                  | scrolls when taking damage. [potion of mutation]
  3235 | Ossuary  | Lost mutation: You are mostly covered in iridescent scales.
                  | (AC +4) [potion of mutation]
  3235 | Ossuary  | Lost mutation: You are agile. (Dex +4, Str/Int -1) [potion
                  | of mutation]
  3235 | Ossuary  | Gained mutation: You are dopey. (Int -2) [potion of
                  | mutation]
  3235 | Ossuary  | Gained mutation: Armour fits poorly on your strangely
                  | shaped body. [potion of mutation]
  3562 | D:4      | Lost mutation: You are partially covered in iridescent
                  | scales. (AC +2) [potion of mutation]
  3562 | D:4      | Lost mutation: Armour fits poorly on your strangely shaped
                  | body. [potion of mutation]
  3562 | D:4      | Lost mutation: You are dopey. (Int -2) [potion of mutation]
  3562 | D:4      | Gained mutation: Armour fits poorly on your strangely
                  | shaped body. [potion of mutation]
  3562 | D:4      | Gained mutation: You are partially covered in iridescent
                  | scales. (AC +2) [potion of mutation]
  3598 | D:4      | Noticed Ijyb
  3603 | D:4      | Paralysed by Ijyb for 3 turns
  3615 | D:4      | Reached skill level 7 in Stealth
  3615 | D:4      | Gained mutation: You have razor-sharp teeth. [Vine Stalker
                  | growth]
  3615 | D:4      | Reached XP level 8. HP: 39/39 MP: 10/10
  3617 | D:4      | Paralysed by Ijyb for 5 turns
  3618 | D:4      | Killed Ijyb
  3891 | D:5      | Entered Level 5 of the Dungeon
  4052 | D:5      | Found Badyvy's Serpentskin Sales.
  4072 | D:5      | Bought 6 curare-tipped darts for 93 gold pieces
  4072 | D:5      | Bought 4 curare-tipped darts for 62 gold pieces
  4154 | D:5      | Identified the +6 mace of Gallantry {drain, rF+ Str+2}
  4377 | D:5      | Reached skill level 1 in Evocations
  4935 | D:6      | Found Turugual's Book Emporium.
  4953 | D:6      | Found an ancient bone altar of Kikubaaqudgha.
  4978 | D:6      | Reached skill level 1 in Maces & Flails
  4978 | D:6      | Reached XP level 9. HP: 44/44 MP: 11/11
  4978 | D:6      | Found a staircase to the Ecumenical Temple.
  5004 | D:6      | Reached *** piety under Trog
  5162 | D:6      | Found a shimmering blue altar of Sif Muna.
  5398 | D:6      | Identified the +2 chain mail of the Cockatrice {rN+}
  5523 | D:6      | Found a hazy altar of Hepliaklqana.
  5523 | D:6      | Found a broken altar of Ashenzari.
  5806 | D:7      | Lost mutation: You are partially covered in iridescent
                  | scales. (AC +2) [potion of mutation]
  5806 | D:7      | Lost mutation: Armour fits poorly on your strangely shaped
                  | body. [potion of mutation]
  5806 | D:7      | Gained mutation: You have large cloven feet. [potion of
                  | mutation]
  5972 | D:7      | Found a white marble altar of Elyvilon.
  6010 | D:7      | Found a glowing golden altar of the Shining One.
  6148 | D:7      | Found a burning altar of Makhleb.
  6148 | D:7      | Found an iron altar of Okawaru.
  6451 | D:8      | Found a sacrificial altar of Ru.
  6570 | D:8      | Found a flagged portal.
  6604 | Bailey   | Entered a bailey
  6850 | Bailey   | Reached **** piety under Trog
  6851 | Bailey   | Reached XP level 10. HP: 41/47 MP: 9/12
  6902 | Bailey   | Acquired a manual of Shapeshifting
  7052 | D:8      | Noticed Joseph
  7065 | D:8      | Killed Joseph
  7066 | D:8      | Reached skill level 8 in Stealth
  7599 | D:9      | Reached skill level 5 in Short Blades
  7716 | D:9      | Found a staircase to the Lair.
  8052 | D:9      | Reached skill level 5 in Maces & Flails
  8499 | D:9      | Reached XP level 11. HP: 54/54 MP: 13/13
  9157 | Lair:1   | Entered Level 1 of the Lair of Beasts
  9243 | Lair:1   | Noticed Alphaeus's ghost (journeyman TrSh)
  9492 | Lair:1   | Found a shimmering altar of Xom.
  9541 | Lair:1   | Found a runed translucent gate.
  9542 | Lair:1   | Found a runed translucent gate.
  9543 | Lair:1   | Found a runed translucent gate.
  9553 | Lair:1   | Reached skill level 5 in Fighting
  9556 | Lair:1   | Killed Alphaeus's ghost
  9557 | Lair:1   | Reached skill level 5 in Throwing
  9557 | Lair:1   | Reached skill level 5 in Dodging
  9557 | Lair:1   | Reached skill level 9 in Stealth
  9557 | Lair:1   | Reached skill level 5 in Shapeshifting
  9782 | Lair:1   | Identified the +0 short sword of Wariness {pain, rN+ rCorr
                  | MP-9 Int+5}
  9924 | Lair:1   | Reached skill level 5 in Armour
  9954 | Lair:2   | Noticed a four-headed hydra
  9966 | Lair:2   | Killed a four-headed hydra
 10106 | Lair:2   | Noticed Gastronok
 10118 | Lair:2   | Noticed Erica
 10122 | Lair:2   | Killed Gastronok
 10123 | Lair:2   | Reached XP level 12. HP: 38/60 MP: 5/14
 10138 | Lair:2   | Killed Erica
 10198 | Lair:2   | HP: 3/60 [culicivora (8)]
 10203 | Lair:2   | HP: 1/60 [redback (4)]
 10206 | Lair:2   | Slain by a redback

Illustrated notes

Levels and vault maps discovered:
D:1:      mrwooster_arrival_arrow, layout_loops_cross, minmay_splitting_lines
D:2:      layout_loops_corners, basic_altar, uniq_sigmund
D:3:      layout_basic, vehumet_crystals, lemuel_crystal_altar,
          lemuel_tele_altar, minivault_26
D:4:      layout_loops_ring, nicolae_ossuary_entry_ruins,
          minmay_gold_behind_fungi, uniq_crazy_yiuf_cottage, uniq_ijyb
D:5:      layout_basic, dk_noncrumbling_4, grunt_ministairs_13,
          guppyfry_shop_venom
D:6:      layout_loops_ring, led_sif_book, kiku_gazebo_garden_becter,
          mainiacjoe_overflow_divided_tiny, minmay_temple_entry_wispy,
          serial_shops, shop
D:7:      layout_loops_cross, elyvilon_altar_5,
          mainiacjoe_overflow_concentric_impassable,
          gammafunk_temple_overflow_elements, dk_noncrumbling_2
D:8:      layout_gridville, mainiacjoe_overflow_brackets, enter_bailey_5,
          nicolae_fountain_basement, uniq_joseph
D:9:      layout_irregular_city, dpeg_oklobed_lair, kennysheep_pointless_box,
          hangedman_abyss_or_decor_lesser_grid, hangedman_decor_lopped
Lair:1:   layout_gridlike, basic_altar, gammafunk_ghost_split
Lair:2:   layout_roguey, spider_nest_entry_funnel_web, st_stairs_12,
          uniq_gastronok, uniq_erica

Skill      XL: |  1  2  3  4  5  6  7  8  9 10 11 12 |
---------------+-------------------------------------+-----
Stealth        | 5 6 7 8 9 |  9.4
Short Blades   | 2 3 4 5 6 |  6.0
Throwing       | 2 3 4 5 |  5.4
Fighting       | 2 3 4 5 |  5.5
Dodging        | 1 2 3 4 5 |  5.3
Armour         | 1 2 3 4 5 |  5.6
Spellcasting   | 1 |  1.1
Shapeshifting  | 1 2 3 4 5 |  5.9
Shields        | 1 2 3 4 |  4.8
Evocations     | 1 2 3 4 |  4.3
Maces & Flails | 1 3 5 6 7 |  7.0

Action                     |  1- 3 |  4- 6 |  7- 9 | 10-12 || total
---------------------------+-------+-------+-------+-------++-------
  Melee: Dagger            |    38 |   204 |   231 |       ||   473
         Bite              |     7 |    48 |   132 |   117 ||   304
         Mace              |       |       |   153 |   274 ||   427
         Kick              |       |       |    21 |   108 ||   129
         Short sword       |       |       |       |    70 ||    70
  Throw: Dart              |    11 |    14 |     8 |    10 ||    43
 Invoke: Berserk           |       |     1 |     4 |     7 ||    12
         Brothers in Arms  |       |       |       |     2 ||     2
  Evoke: Wand              |       |       |       |     6 ||     6
    Use: Scroll            |     3 |     5 |     9 |    10 ||    27
         Potion            |       |     2 |     3 |     2 ||     7
   Stab: Sleeping          |     6 |     8 |     9 |       ||    23
         Distracted        |       |       |     2 |     1 ||     3
         Paralysed         |       |       |       |     3 ||     3
 Armour: Ring mail         |    19 |   112 |       |       ||   131
         Robe              |       |       |   143 |       ||   143
         Chain mail        |       |       |    78 |   306 ||   384
         Skin              |       |       |       |    69 ||    69
  Dodge: Dodged            |     9 |    54 |   235 |   216 ||   514
  Block: Buckler           |     6 |    30 |    87 |   134 ||   257
